 Dungeon Crawl Stone Soup version 0.32-a0-42-ga30500b4d3 (webtiles) character file.

Game seed: 13744955181879539097

4653 anacleto the Mimic (level 10, -3/80 HPs)
             Began as a Naga Shapeshifter on Jan 30, 2024.
             Was a Follower of Dithmenos.
             Slain by a troll (15 damage)
             ... on level 9 of the Dungeon.
             The game lasted 00:20:58 (9297 turns).

anacleto the Mimic (Naga Shapeshifter)              Turns: 9297, Time: 00:20:59

Health: -3/80      AC:  6    Str: 27    XL:     10   Next: 43%
Magic:  10/10      EV: 14    Int: 11    God:    Dithmenos [*.....]
Gold:   36         SH:  0    Dex: 10    Spells: 9/9 levels left

rFire   . .          .
                       - Unarmed
rCold   . . .        (shield currently unavailable)
rNeg    . . .        k - melded +0 plate armour
rPois   +            K - +1 helmet
rElec   .            t - +0 cloak
rCorr   .            (no gloves)
SInv    +            (no barding)
Will    ++...        e - amulet of regeneration
Stlth   +            U - +6 ring of strength
HPRegen 1.13/turn    J - ring of willpower
MPRegen 0.12/turn

%: no passive effects
@: flux-form, glowing, very slow
A: glow, contaminating, AC +3, large, see invisible, deformed body, poison
resistance, slowness 2, spit poison 1, naga tail 1
a: Spit Poison, Begin Untransformation, Renounce Religion


You were on level 9 of the Dungeon.
You worshipped Dithmenos.
Dithmenos was aware of your devotion.
You were something dangerously unstable.
You visited 2 branches of the dungeon, and saw 11 of its levels.
You also visited: Sewer.

You collected 432 gold pieces.
You spent 396 gold pieces at shops.

Inventory:

Hand Weapons
 b - a +0 shortbow
Missiles
 v - a throwing net
 D - 7 curare-tipped darts
 F - 55 poisoned darts
 M - 4 javelins
Armour
 k - a +0 plate armour (melded)
 t - a +0 cloak (worn)
 K - a +1 helmet (worn)
Jewellery
 a - a ring of positive energy
 e - an amulet of regeneration (around neck)
 A - an amulet of faith
 J - a ring of willpower (right hand)
 P - a ring of resist corrosion
 T - an amulet of magic regeneration
 U - a +6 ring of strength (left hand)
Talismans
 c - a beast talisman
 d - a flux talisman (active)
Wands
 f - a wand of mindburst (24)
 q - a wand of iceblast (9)
 u - a wand of charming (12)
Scrolls
 g - 3 scrolls of teleportation {unknown}
 i - 2 scrolls of fog
 j - 2 scrolls of enchant armour {unknown}
 l - a scroll of poison {unknown}
 m - a scroll of immolation {unknown}
 y - a scroll of torment {unknown}
 C - a scroll of brand weapon {unknown}
 G - 2 scrolls of blinking {unknown}
 N - 3 scrolls of noise {unknown}
 O - a scroll of butterflies {unknown}
 Q - a scroll of enchant weapon {unknown}
 R - a scroll of identify
 S - a scroll of acquirement {unknown}
Potions
 h - 2 potions of might {unknown}
 n - 5 potions of curing
 o - 2 potions of enlightenment {unknown}
 p - 3 potions of haste {unknown}
 s - 3 potions of heal wounds
 w - 2 potions of attraction {unknown}
 x - a potion of brilliance {unknown}
 z - a potion of ambrosia {unknown}
 B - 2 potions of invisibility {unknown}
 E - 2 potions of mutation {unknown}
 H - a potion of magic {unknown}
 I - 3 potions of resistance {unknown}
 L - 4 potions of lignification


   Skills:
 - Level 1.9 Fighting
 - Level 0.8 Armour
 - Level 2.0 Dodging
 - Level 1.6 Stealth
 - Level 3.4 Unarmed Combat
 * Level 13.5 Shapeshifting


You had 9 spell levels left.
You didn't know any spells.
Your spell library contained the following spells:

 Spells                   Type           Power      Damage    Failure   Level
 Freeze                   Ice            0%         1d3       34%         1
 Sandblast                Erth           0%         2d4       34%         1
 Summon Small Mammal      Summ           0%         N/A       34%         1
 Ensorcelled Hibernation  Hex/Ice        0%         N/A       47%         2
 Call Canine Familiar     Summ           0%         N/A       71%         3
 Frozen Ramparts          Ice            0%         1d1       71%         3
 Fugue of the Fallen      Necr           0%         N/A       71%         3
 Hailstorm                Conj/Ice       0%         3d5       71%         3
 Passwall                 Erth           0%         N/A       71%         3
 Stone Arrow              Conj/Erth      0%         3d7       71%         3
 Tukima's Dance           Hex            0%         N/A       71%         3
 Anguish                  Hex/Necr       0%         N/A       98%         4
 Brom's Barrelling Bould  Conj/Erth      0%         2d3       98%         4
 Passage of Golubria      Tloc           0%         N/A       98%         4
 Summon Blazeheart Golem  Fire/Summ      0%         N/A       98%         4
 Yara's Violent Unravell  Hex/Alch       0%         3d3       100%        5


Dungeon Overview and Level Annotations

Branches:
Dungeon (10/15)            Temple (1/1) D:5            Lair (0/5) D:9
  Sewer (visited)
    Orc: D:9-12

Altars:
Ashenzari
Cheibriados
Dithmenos
Elyvilon
Fedhas
Gozag
Hepliaklqana
Kikubaaqudgha
Makhleb
Nemelex Xobeh
Okawaru
Qazlal
Ru
Sif Muna
Trog
Uskayaw
Vehumet
Wu Jian
Xom
Yredelemnul
The Shining One

Shops:
D:5 =

Annotations:
D:3 2 transporters, Echelon's ghost, weakling FoFi
D:8 3 runed translucent doors, SpyderV's ghost, novice HOFi


Innate Abilities, Weirdness & Mutations

You are something dangerously unstable.
You glow with magical radiation, making you easy to see and hit.
Foes you strike become dangerously contaminated with magical radiation.
You are incapable of wielding weapons or throwing items.
Your serpentine skin is tough. (AC +3)
You have supernaturally acute eyesight. (SInv)
Armour fits poorly on your strangely shaped body.
Your system is resistant to poisons. (rPois)
You cover ground very slowly.
You can spit poison.
You have a snake-like lower body.


Message History

The shadow hits you.
* * * LOW HITPOINT WARNING * * *
The troll attacks as it pursues you! The troll bites you but does no damage.
The troll closely misses you. The troll claws you!
* * * LOW HITPOINT WARNING * * *
The shadow slips into darkness.
The shadow flickers and vanishes for a moment.
The yak snorts and paws the ground.
There is an open door, spattered with blood here.
The troll attacks as it pursues you! The troll bites you but does no damage.
The troll claws you.
* * * LOW HITPOINT WARNING * * *
The troll barely misses you. The troll bites you but does no damage.
The troll closely misses you. x2
The yak snorts and paws the ground.
There is an open door here.
The troll closely misses you. The troll barely misses you. The troll claws you.
* * * LOW HITPOINT WARNING * * *
There is a stone staircase leading up here.
The troll bites you.
* * * LOW HITPOINT WARNING * * *
The troll closely misses you. The troll misses you.
You climb upwards.
There is a stone staircase leading down here.
Unknown command.
You feel better. The troll barely misses you. The troll claws you!
* * * LOW HITPOINT WARNING * * *
The troll barely misses you.
Okay, then.
It was a potion of heal wounds.
You feel much better. The troll bites you!
* * * LOW HITPOINT WARNING * * *
The troll completely misses you. The troll claws you!
* * * LOW HITPOINT WARNING * * *
You feel much better. The troll bites you. The troll claws you.
* * * LOW HITPOINT WARNING * * *
The troll claws you!
* * * LOW HITPOINT WARNING * * *
You hit the troll but do no damage.
The troll begins to glow.
The troll bites you!
You die...

#.# ######## #.# #.# #.#
#####.## #......# #.###..#
########.###..#
#.........p#..#############
#.######.#.T...............
#.# #.##...#.###.##..###
### #.# #........#
#.......# ..# #.#
####...#.# ####..#.# #.#
###.# ##.##.# #..#.# #.#
#...# #.##.######..... #.#
#.### #.##.........#.# #.#
#.# ##'############.#


You could see a troll (contam).

Vanquished Creatures
  Jeremiah (D:6)
  2 trolls
  A hornet (D:7)
  A vampire (D:7)
  Eustachio (D:6)
  A wraith (D:9)
  A wyvern (D:9)
  3 yaks (D:9)
  2 water moccasins
  Pargi (D:4)
  2 black bears
  An ice beast (D:8)
  An ogre (D:6)
  2 centaurs
  A phantom (D:6)
  7 kobold brigands
  8 bullfrogs
  3 scorpions
  A jelly (D:5)
  A bombardier beetle (D:5)
  A gnoll bouda (D:5)
  3 orc priests
  2 hounds
  3 iguanas
  4 orc wizards
  6 gnolls
  6 adders
  A shadow imp (D:7)
  A white imp (D:7)
  4 ufetubi
  2 dart slugs (D:3)
  20 orcs
  5 endoplasms
  9 giant cockroaches
  6 goblins
  3 hobgoblins
  10 jackals
  38 kobolds
  2 quokkas
  8 ball pythons
  3 bats (D:3)
  2 frilled lizards
  5 rats
185 creatures vanquished.

Notes
Turn   | Place    | Note
-------+----------+-------------------------------------------
     0 | D:1      | anacleto the Naga Shapeshifter began the quest for the Orb.
     0 | D:1      | Reached XP level 1. HP: 18/18 MP: 1/1
   325 | D:1      | Reached XP level 2. HP: 25/25 MP: 2/2
   908 | D:2      | Identified the +1 robe "Disin" {MP+9 Stlth+}
  1172 | D:2      | Reached XP level 3. HP: 29/31 MP: 3/3
  1606 | D:3      | Reached skill level 1 in Stealth
  1637 | D:3      | Found a transporter.
  1638 | D:3      | Noticed Echelon's ghost (weakling FoFi)
  1782 | D:3      | Reached XP level 4. HP: 15/35 MP: 4/4
  2123 | D:3      | Found a transporter.
  2458 | D:4      | Noticed a scorpion
  2659 | D:4      | Reached skill level 4 in Shapeshifting
  2659 | D:4      | Reached XP level 5. HP: 27/45 MP: 5/5
  2815 | D:3      | Reached skill level 5 in Shapeshifting
  3071 | D:4      | Reached XP level 6. HP: 49/52 MP: 6/6
  3501 | D:4      | Noticed Pargi
  3504 | D:4      | Killed Pargi
  3923 | D:5      | Entered Level 5 of the Dungeon
  3998 | D:5      | Reached skill level 6 in Shapeshifting
  4159 | D:5      | Found a burning altar of Makhleb.
  4159 | D:5      | Found an ancient bone altar of Kikubaaqudgha.
  4189 | D:5      | Reached XP level 7. HP: 48/58 MP: 7/7
  4368 | D:5      | Reached skill level 7 in Shapeshifting
  4471 | D:5      | Found a staircase to the Ecumenical Temple.
  4475 | D:5      | Found Jurenip's Jewellery Shop.
  4714 | D:6      | Noticed a troll
  4731 | D:6      | Killed a troll
  4732 | D:6      | Reached XP level 8. HP: 26/67 MP: 8/8
  4734 | D:6      | Reached skill level 8 in Shapeshifting
  4943 | D:6      | Found a glowing drain.
  4961 | Sewer    | Entered a sewer
  5067 | Sewer    | Reached skill level 9 in Shapeshifting
  5446 | D:6      | Noticed Jeremiah
  5503 | D:6      | Killed Jeremiah
  5504 | D:6      | Reached skill level 10 in Shapeshifting
  5531 | D:6      | Noticed Eustachio
  5535 | D:6      | Reached XP level 9. HP: 73/73 MP: 9/9
  5535 | D:6      | Killed Eustachio
  5575 | Temple   | Entered the Ecumenical Temple
  5590 | Temple   | Became a worshipper of Dithmenos the Shadowed
  5880 | D:6      | Found an ornate altar of the Wu Jian Council.
  6294 | D:7      | Reached skill level 11 in Shapeshifting
  6475 | D:7      | Noticed a hornet
  6483 | D:7      | Killed a hornet
  7228 | D:8      | Reached skill level 12 in Shapeshifting
  7472 | D:8      | Reached XP level 10. HP: 80/80 MP: 10/10
  7532 | D:8      | Found a runed translucent gate.
  7532 | D:8      | Found a runed translucent gate.
  7536 | D:8      | You fall into a shaft and drop 1 floor!
  7576 | D:9      | Found a staircase to the Lair.
  7792 | D:9      | Reached skill level 13 in Shapeshifting
  8222 | D:9      | Reached * piety under Dithmenos
  8948 | D:8      | Found a runed translucent gate.
  8950 | D:8      | Noticed SpyderV's ghost (novice HOFi)
  9049 | D:5      | Bought a +6 ring of strength for 396 gold pieces
  9234 | D:10     | Entered Level 10 of the Dungeon
  9297 | D:9      | Slain by a troll

Illustrated notes

Levels and vault maps discovered:
D:1:      sevenhm_arrival_forest_fort_large_4, layout_loops_cross
D:2:      layout_basic
D:3:      layout_loops_cross, gammafunk_ghost_mausoleum, minmay_cupped
D:4:      layout_loops_corners, hex_tiny, uniq_pargi
D:5:      layout_rooms, nicolae_overflow_two_pavilions,
          minmay_temple_entry_from_below_a, serial_shops, shop,
          minmay_statues_item
D:6:      layout_basic, nzn_wu_jian_council_hall, gup_sewer_entry_glass,
          hangedman_decor_growths, uniq_jeremiah, uniq_eustachio
D:7:      layout_cave_pods
D:8:      layout_basic, gammafunk_ghost_necromancy, lemuel_flamethrower_1
D:9:      layout_loops_corners, lair_entry_dummy
D:10:     layout_gridville, mainiacjoe_overflow_surrounded_room,
          hangedman_glass_teeth, minmay_fractal_squares_5, uniq_grum
Temple:   mainiacjoe_temple_bowtie_tessellation

Skill      XL: |  1  2  3  4  5  6  7  8  9 10 |
---------------+-------------------------------+-----
Stealth        | 1 |  1.6
Dodging        | 2 |  2.0
Shapeshifting  | 4 5 6 7 10 12 13 | 13.5
Fighting       | |  1.9
Armour         | |  0.8
Unarmed Combat | |  3.4

Action                     |  1- 3 |  4- 6 |  7- 9 | 10-12 || total
---------------------------+-------+-------+-------+-------++-------
  Melee: Unarmed           |    77 |   172 |   339 |   146 ||   734
         Punch             |     3 |     2 |       |       ||     5
Ability: Begin Untransform |     1 |     1 |     1 |       ||     3
         Spit Poison       |       |     5 |       |       ||     5
  Evoke: Wand              |       |     3 |    12 |       ||    15
    Use: Potion            |       |       |     1 |     3 ||     4
         Scroll            |       |       |     3 |     1 ||     4
 Armour: Animal skin       |     7 |       |       |       ||     7
         Plate armour      |    57 |   161 |       |       ||   218
         Skin              |       |    22 |   284 |   122 ||   428
  Dodge: Dodged            |    25 |    54 |   341 |   115 ||   535
   Form: Beast             |     1 |       |       |       ||     1
         Flux              |       |     1 |     1 |       ||     2

Table legend: (Time is in decaauts)
 A = Elapsed time spent in this place.
 B = Non-inter-level travel time spent in this place.
 C = Inter-level travel time spent in this place.
 D = Time resting spent in this place.
 E = Time spent auto-exploring this place.
 F = Levels seen in this place.
 G = Mean time per level.
                   A        B        C        D        E       F      G
               +--------+--------+--------+--------+--------+-----+--------+
         Total |  12068 |  11034 |   1034 |    465 |   8299 |  12 | 1005.7 |
       Dungeon |  11566 |  10545 |   1021 |    432 |   8100 |  10 | 1156.6 |
        Temple |     32 |     20 |     12 |      0 |      0 |   1 |   32.0 |
         Sewer |    469 |    469 |      0 |     33 |    199 |   1 |  469.0 |
               +--------+--------+--------+--------+--------+-----+--------+

Top non-repeatable levels by time:
     D:4: 1682 daAuts
     D:3: 1411 daAuts
     D:6: 1381 daAuts
     D:7: 1370 daAuts
     D:9: 1318 daAuts
     D:8: 1275 daAuts
     D:1: 1136 daAuts
     D:5: 961 daAuts
     D:2: 950 daAuts
   Sewer: 469 daAuts
    D:10: 78 daAuts
  Temple: 32 daAuts
